 Dungeon Crawl Stone Soup version 0.19-a0-1608-g4cf22de (webtiles) character file.

346227 tsouns the Imperceptible (level 21, -3/115 HPs)
             Began as a Spriggan Fighter on Sept 2, 2016.
             Was an Elder of Uskayaw.
             Slain by a saltling (14 damage)
             ... in the Desolation of Salt on Sept 17, 2016.
             The game lasted 04:16:30 (43724 turns).

tsouns the Imperceptible (Spriggan Fighter)        Turns: 43724, Time: 04:16:31

Health: -3/115     AC: 12    Str: 17    XL:     21   Next: 18%
Magic:  0/41       EV: 40    Int: 16    God:    Uskayaw [****..]
Gold:   514        SH: 11    Dex: 26    Spells: 7 memorised, 13 levels left

rFire  + . .     SeeInvis +     L - +8 short sword (elec)
rCold  + + +     Gourm    .     G - +2 troll leather armour {rC+}
rNeg   . . .     Faith    .     Q - +1 buckler {rC+ rF+}
rPois  +         Spirit   +     o - +2 hat {Spirit}
rElec  .         Dismiss  .     e - +2 cloak {rPois}
rCorr  .         Reflect  .     (gloves unavailable)
MR     +++..     Harm     .     (boots unavailable)
Stlth  ++++++++++               K - amulet of regeneration
                                M - ring "Gapeyhu" {rC+ Dex+3 Slay+2}
                                T - ring "Adi Nion" {MP+9 Str+4 Int+3}

@: very quick
A: unfitting armour, horns 1, see invisible, agile 1, herbivore 3, speed 3, slow
metabolism 2, wild magic 1, evolution 1
a: Stomp, Line Pass, Renounce Religion
}: 2/15 runes: serpentine, barnacled


You were in the Desolation of Salt.
You worshipped Uskayaw.
Uskayaw was aware of your devotion.
You were not hungry.

You visited 8 branches of the dungeon, and saw 36 of its levels.
You also visited: Ossuary, Ice Cave and Desolation.

You collected 3627 gold pieces.
You spent 3113 gold pieces at shops.

Inventory:

Hand Weapons
 m - the +11 falchion of Akkopn {slice, +Blink rElec rF+ Stlth+}
   (You found it in the Desolation of Salt)

   It inflicts extra damage upon your enemies.
   It protects you from fire.
   It insulates you from electricity.
   It lets you blink.
   It makes you more stealthy.
 L - a +8 short sword of electrocution (weapon)
 V - a +0 blowgun
Missiles
 d - 83 tomahawks (quivered)
 N - 8 curare-tipped needles
 U - 6 throwing nets
Armour
 e - a +2 cloak of poison resistance (worn)
 o - a +2 hat of spirit shield (worn)
 G - a +2 troll leather armour of cold resistance (worn)
 Q - a +1 buckler of resistance (worn)
Jewellery
 K - an amulet of regeneration (around neck)
 M - the ring "Gapeyhu" (right hand) {rC+ Dex+3 Slay+2}
   (You found it in the Desolation of Salt)

   [ring of protection from cold]

   It affects your dexterity (+3).
   It affects your accuracy and damage with ranged weapons and melee attacks
   (+2).
   It protects you from cold.
 T - the ring "Adi Nion" (left hand) {MP+9 Str+4 Int+3}
   (You found it in the Desolation of Salt)

   [ring of magical power]

   It affects your strength (+4).
   It affects your intelligence (+3).
   It affects your magic capacity (+9).
Wands
 j - a wand of iceblast (9/15)
 k - a wand of paralysis (10/24)
 q - a wand of polymorph (13/24)
 r - a wand of paralysis (9/24)
 x - a wand of enslavement (10/24)
 y - a wand of lightning (4/15)
 D - a wand of disintegration (2/24)
 I - a wand of confusion (17/48)
 J - a wand of teleportation (4/9)
Scrolls
 b - 2 scrolls of blinking
 g - a scroll of identify
 l - 22 scrolls of remove curse
 n - 2 scrolls of magic mapping
 u - 7 scrolls of recharging
 B - a scroll of immolation
 C - 9 scrolls of teleportation
 H - a scroll of fog
 W - 2 scrolls of silence
 Z - a scroll of fear
Potions
 a - 3 potions of invisibility
 h - 13 potions of curing
 i - 5 potions of heal wounds
 s - 3 potions of might
 t - 4 potions of cancellation
 v - 2 potions of agility
 w - a potion of haste
 z - a potion of resistance
 E - a potion of berserk rage
 F - 3 potions of flight
 O - 2 potions of cure mutation
Miscellaneous
 c - a lamp of fire
 R - a phial of floods
 S - 2 boxes of beasts
 X - a sack of spiders
 Y - a fan of gales
Comestibles
 f - 14 bread rations
 A - 6 royal jellies


   Skills:
 + Level 14.1 Fighting
 - Level 14.3 Short Blades
 + Level 1.2(7.4) Long Blades
 + Level 6.1 Throwing
 - Level 5.0 Armour
 + Level 22.0 Dodging
 + Level 24.5 Stealth
 - Level 7.5 Shields
 - Level 6.7 Spellcasting
 - Level 8.4 Hexes
 - Level 11.5 Translocations
 - Level 5.5 Ice Magic
 - Level 10.3 Invocations
 + Level 12.2 Evocations


You had 13 spell levels left.
You knew the following spells:

 Your Spells              Type           Power        Failure   Level  Hunger
a - Magic Dart            Conj           #...         24%         1    None
b - Apportation           Tloc           ######....   1%          1    None
c - Blink                 Tloc           N/A          1%          2    None
d - Shroud of Golubria    Chrm/Tloc      ####......   4%          2    None
e - Ensorcelled Hibernat  Hex/Ice        #####.       2%          2    None
f - Iron Shot             Conj/Erth      #.........   100%        6    #######
g - Statue Form           Tmut/Erth      #........    100%        6    #######


Dungeon Overview and Level Annotations

Branches:
Dungeon (15/15)            Temple (1/1) D:7            Lair (6/6) D:10
 Shoals (4/4) Lair:2        Snake (4/4) Lair:2        Slime (0/5) Lair:6
    Orc (2/2) D:11            Elf (0/3) Orc:2        Vaults (1/5) D:14
 Depths (3/5) D:15

Altars:
Ashenzari
Cheibriados
Dithmenos
Elyvilon
Fedhas
Gozag
Hepliaklqana
Kikubaaqudgha
Makhleb
Nemelex Xobeh
Okawaru
Qazlal
Ru
Sif Muna
Trog
Uskayaw
Vehumet
Xom
Yredelemnul
Zin
Beogh

Shops:
D:4 [}   D:10 }   Orc:2 %[[(   Shoals:3 [[   Snake:1 [   Snake:3 }}=
Depths:2 !

Portals:
Hell: Lair:6 Depths:1 Depths:2
Abyss: Depths:2
Ziggurat: Depths:2
Trove: Depths:2 (give wand of hasting (9))

Annotations:
D:3 teron's ghost, amateur HEFE
D:6 exclusion: oklob plant
Shoals:1 exclusion: Roxanne, Roxanne


Innate Abilities, Weirdness & Mutations

You are tiny and cannot use many weapons and most armour.
You have supernaturally acute eyesight. (SInv)
You are a herbivore.
You cover ground extremely quickly.
You need consume almost no food.
You have a pair of small horns on your head.
You are agile. (Dex +2)
Your spells are a little harder to cast, but a little more powerful.
You evolve.


Message History

The guardian serpent is lightly wounded.
The peacekeeper no longer looks unusually strong.
The peacekeeper roars a battlecry!
The golems go into a battle-frenzy!
The peacekeeper completely misses you. You block the peacekeeper's attack.
The saltling hits you!
* * * LOW HITPOINT WARNING * * *
The saltling completely misses you. The saltling barely misses you.
The ragged hierophant completely misses you.
Uskayaw will force your foes to share their pain.
Uskayaw links your audience in an emotional bond!
You hit the guardian serpent.
The guardian serpent is moderately wounded.
The guardian serpent completely misses you.
The saltling hits you!!
* * * LOW HITPOINT WARNING * * *
You block the ragged hierophant's attack.
The peacekeeper closely misses you. The peacekeeper completely misses you.
The saltling hits you!!
You die...

***#######...............§§§§
***#######.............§§§§§§
***#######..............§§§§.
***#######............§§§.§§.
***#######..#...........§§§..
***#######...................
***#######..88........8...p..
****######.p8p.......,,,,....
****######.8@8p......,,,,....
****######.88S.....§§,,,,....
****######.........§§,,,,...#
****######........§§§,,,,...#
****######........§§§,,,,,...
*****#####........§§§,,,,,...
*****#####..#.....§§§,,,.....
*****#####..,.....§§,,,,,....
**********,,,,,,,,,,,,,,.....


You could see 2 ragged hierophants, an ironbrand convoker, 2 peacekeepers, a
guardian serpent and 5 saltlings.

Vanquished Creatures
  Vashnia (Snake:3)
  Saint Roka (Orc:2)
  A golden dragon (Depths:3)
  3 liches (Depths:3)
  Asterion (Snake:2)
  A titan (Depths:3)
  The ghost of PeterLawrence the Warrior, an adept MiFi of Okawaru (Snake:1)
  Polyphemus (Shoals:2)
  2 krakens
  Gastronok (Lair:3)
  Agnes (D:14)
  2 sphinxes
  A shadow dragon (Depths:1)
  A storm dragon (Depths:1)
  Donald (Shoals:1)
  2 tengu reavers
  Ilsuiw (Shoals:4)
  5 fire giants
  A frost giant (shapeshifter) (Depths:3)
  10 greater nagas
  5 frost giants
  2 imperial myrmidons (Desolation)
  Aizul (Snake:1)
  An iron dragon (Depths:1)
  2 orc warlords
  Louise (Snake:1)
  The ghost of rlgrobin the Grappler, a journeyman DrAr of Uskayaw (D:15)
  A spriggan defender (Depths:3)
  2 reapers
  8 stone giants
  12 very ugly things
  3 vampire knights
  A deep elf annihilator (Depths:3)
  3 spark wasps (Depths:2)
  A halazid warlock (Desolation)
  The ghost of Shenda the Impaler, a journeyman MfGl of Okawaru (D:13)
  3 merfolk javelineers (Shoals:4)
  6 ettins
  3 ragged hierophants (Desolation)
  7 fire dragons
  A deep elf high priest (Depths:1)
  6 merfolk impalers
  3 great orbs of eyes
  The ghost of George the Carver, a journeyman MiFi of Okawaru (D:11)
  5 hydras
  3 crystal guardians (Desolation)
  12 naga warriors
  A yaktaur captain (Vaults:1)
  2 rakshasas (Depths:1)
  7 servants of whispers (Desolation)
  Fannar (Orc:1)
  A spriggan air mage (Depths:3)
  6 ice dragons
  7 merfolk avatars
  3 peacekeepers (Desolation)
  4 centaur warriors
  2 dancing weapons (D:14)
  A catoblepas (Shoals:2)
  3 satyrs (Shoals:4)
  10 merfolk aquamancers
  12 anacondas
  4 tengu warriors
  An alligator snapping turtle (Shoals:4)
  2 vampire magi (Depths:2)
  3 deep troll shamans
  11 death yaks
  6 ogre magi
  7 deep troll earth magi
  15 shock serpents
  2 orc high priests
  A shock serpent (shapeshifter) (Depths:3)
  Nergalle (Lair:2)
  A deep elf knight (Depths:3)
  7 spriggan berserkers
  11 naga sharpshooters
  A fire crab (Lair:6)
  2 ghosts
  A sixfirhy (Lair:6)
  4 salamander mystics
  An iron troll (Depths:1)
  2 skeletal warriors (D:13)
  3 unseen horrors
  9 hell knights
  11 sea snakes
  A flayed ghost (Depths:3)
  An unseen horror (shapeshifter) (D:15)
  4 glowing orange brains
  8 deep trolls
  3 wizards
  4 naga ritualists
  An ironbrand convoker (Desolation)
  18 harpies
  7 hill giants
  A deep elf archer (D:15)
  6 necromancers
  6 removed MONS_GRIFFONs
  2 wolf spider zombies
  4 orc knights
  6 orc sorcerers
  3 fauns
  9 deep elf magi
  8 mana vipers
  18 ugly things
  11 manticores
  13 cyclopes
  8 sirens
  4 elephants (Lair:5)
  10 centaur zombies
  25 guardian serpents
  12 salamanders
  2 ice statues (IceCv)
  22 black mambas
  A molten gargoyle (Desolation)
  17 naga magi
  6 water nymphs
  11 spiny frogs
  2 orange demons (Lair:6)
  4 rime drakes (Lair:6)
  5 spectral swamp worms (Depths:2)
  A gargoyle (D:14)
  2 rime drakes (shapeshifter)
  7 ice devils
  3 komodo dragons
  14 yaktaurs
  A hellwing (Lair:6)
  4 red devils (Lair:6)
  A tengu conjurer (Depths:1)
  A meliai (shapeshifter) (Depths:3)
  A queen bee (Depths:3)
  5 trolls
  3 polar bears
  29 merfolk
  11 two-headed ogres
  A hornet zombie (D:15)
  38 saltlings
  29 blink frogs
  16 slime creatures
  A harpy skeleton (D:14)
  2 dream sheep (Shoals:1)
  3 snapping turtles
  A meliai zombie (D:14)
  4 flying skulls (D:13)
  3 vampires
  5 shadows
  2 wraiths (D:13)
  A wyvern (D:15)
  13 water elementals
  A human (D:10)
  A tarantella (shapeshifter) (Depths:1)
  23 yaks
  5 spriggans
  2 fire bats (Depths:3)
  4 basilisks
  8 hippogriffs
  A steam dragon (D:8)
  6 vampire mosquitoes
  Grum (D:10)
  4 hungry ghosts
  A mottled dragon (D:11)
  35 nagas
  5 wargs
  A floating eye (Depths:3)
  Duvessa (D:7)
  16 water moccasins
  6 porcupines
  A necrophage (D:12)
  An ice beast (D:14)
  6 sky beasts
  28 orc warriors
  2 eyes of draining
  5 wasps
  4 black bears
  30 ogres
  5 phantoms
  22 centaurs
  14 wolves
  9 crocodiles
  A big kobold (D:10)
  21 bullfrogs
  2 water moccasin zombies (Ossuary)
  3 wyvern zombies (D:13)
  A scorpion (D:14)
  Dowan (D:7)
  2 troll zombies (D:11)
  10 wights
  29 killer bees
  2 electric eels
  A howler monkey (D:5)
  3 crimson imps
  4 bullfrog zombies
  A quasit (D:10)
  8 jellies
  29 orc wizards
  27 orc priests
  5 hounds
  24 centaur skeletons
  5 iguanas
  Ijyb (D:2)
  7 bullfrog skeletons
  9 worker ants
  2 big kobold zombies (Ossuary)
  4 ogre zombies (D:11)
  A hound zombie (D:5)
  A hound skeleton (D:7)
  3 mummies
  17 adders
  4 gnolls (D:4)
  27 river rats
  A shadow imp (D:13)
  6 white imps (IceCv)
  9 ufetubi (IceCv)
  2 oozes (Lair:6)
  5 adder zombies (Ossuary)
  4 worms
  A dart slug (D:2)
  5 leopard geckos
  109 orcs
  6 bats
  3 giant cockroaches
  9 hobgoblins
  6 jackals
  5 quokkas
  2 ball pythons
  A ball python (shapeshifter) (D:13)
  3 frilled lizards
  3 gnoll zombies (Ossuary)
  7 goblins
  5 goblin zombies (D:11)
  3 hobgoblin skeletons (D:11)
  6 hobgoblin zombies
  14 kobolds
  4 kobold zombies (Ossuary)
  An orc skeleton (D:11)
  14 orc zombies
  7 rats
1508 creatures vanquished.

Vanquished Creatures (collateral kills)
  The ghost of Rayvis the Severer, an adept MiFi of Jiyva (Snake:3)
  A fire giant (Depths:1)
  2 death yaks
  A rime drake (Lair:6)
  A hippogriff (Lair:6)
6 creatures vanquished.

Vanquished Creatures (others)
  A merfolk aquamancer (Shoals:2)
  A water nymph (Shoals:2)
  A killer bee (Depths:3)
  A white imp (IceCv)
  5 ufetubi (IceCv)
  An orc (Orc:2)
  8 fungi
  12 plants
  4 tentacles (Shoals:1)
34 creatures vanquished.

Grand Total: 1548 creatures vanquished

Notes
Turn   | Place    | Note
-------+----------+-------------------------------------------
     0 | D:1      | tsouns the Spriggan Fighter began the quest for the Orb.
     0 | D:1      | Reached XP level 1. HP: 11/11 MP: 2/2
   174 | D:1      | Reached XP level 2. HP: 15/16 MP: 3/3
   289 | D:1      | Reached skill level 1 in Stealth
   820 | D:2      | Reached XP level 3. HP: 15/19 MP: 4/4
   936 | D:2      | Reached skill level 2 in Stealth
   963 | D:2      | Noticed Ijyb
  1149 | D:2      | Killed Ijyb
  1150 | D:2      | Reached skill level 3 in Stealth
  1165 | D:2      | Reached XP level 4. HP: 23/23 MP: 5/5
  1357 | D:2      | Found a snail-covered altar of Cheibriados.
  1423 | D:2      | Found a sacrificial altar of Ru.
  1694 | D:3      | Found a basalt altar of Yredelemnul.
  1730 | D:3      | Found a sparkling altar of Nemelex Xobeh.
  1733 | D:3      | Noticed teron's ghost (amateur HEFE)
  1735 | D:3      | Noticed a hippogriff
  1739 | D:3      | HP: 1/23 [teron's ghost/puff of flame (12)]
  2522 | D:3      | Reached XP level 5. HP: 16/27 MP: 6/6
  2656 | D:3      | Found a burning altar of Makhleb.
  2680 | D:3      | Reached skill level 5 in Short Blades
  2948 | D:3      | Found a white marble altar of Elyvilon.
  3063 | D:3      | Reached skill level 4 in Stealth
  3410 | D:4      | Found Cenu's Antique Armour Emporium.
  3426 | D:4      | Bought a glowing hat for 116 gold pieces
  3455 | D:4      | Found an opulent altar of Gozag.
  3628 | D:4      | Found a deep blue altar of Sif Muna.
  3700 | D:4      | Found Zezec's Gadget Emporium.
  3762 | D:4      | You fall through a shaft!
  3762 | D:5      | Entered Level 5 of the Dungeon
  3766 | D:5      | Reached XP level 6. HP: 28/32 MP: 7/7
  3811 | D:5      | Noticed a hill giant
  3833 | D:5      | Killed a hill giant
  3833 | D:5      | Reached skill level 6 in Stealth
  3833 | D:5      | Reached XP level 7. HP: 29/36 MP: 8/8
  4320 | D:5      | Reached skill level 7 in Stealth
  4528 | D:5      | Reached XP level 8. HP: 42/42 MP: 9/9
  5394 | D:6      | Found a sand-covered staircase.
  5404 | Ossuary  | Entered an ossuary
  5438 | Ossuary  | Reached skill level 8 in Stealth
  5909 | D:6      | Found a blossoming altar of Fedhas.
  5923 | D:6      | Noticed an oklob plant
  6405 | D:6      | Reached skill level 5 in Dodging
  6858 | D:7      | Reached skill level 9 in Stealth
  6890 | D:7      | Found a staircase to the Ecumenical Temple.
  6929 | Temple   | Entered the Ecumenical Temple
  7026 | Temple   | Became a worshipper of Uskayaw the Reveler
  7072 | D:7      | Reached * piety under Uskayaw
  7088 | D:7      | Reached XP level 9. HP: 46/46 MP: 10/10
  7134 | D:7      | Reached ** piety under Uskayaw
  7140 | D:7      | Reached *** piety under Uskayaw
  7176 | D:7      | Noticed Duvessa
  7176 | D:7      | Noticed Dowan
  7178 | D:7      | Killed Dowan
  7213 | D:7      | Killed Duvessa
  7213 | D:7      | Reached skill level 5 in Fighting
  7412 | D:7      | Found a shadowy altar of Dithmenos.
  7763 | D:8      | Found a hazy altar of Hepliaklqana.
  8334 | D:8      | Reached skill level 10 in Stealth
  8501 | D:9      | Reached skill level 1 in Invocations
  9223 | D:9      | Reached skill level 10 in Short Blades
  9519 | D:10     | Entered Level 10 of the Dungeon
  9542 | D:10     | Noticed Grum
  9543 | D:10     | Reached XP level 10. HP: 53/53 MP: 13/13
  9547 | D:10     | Killed Grum
  9551 | D:10     | Reached **** piety under Uskayaw
  9775 | D:10     | Identified a scroll of acquirement
  9916 | D:10     | Found a staircase to the Lair.
 10123 | D:10     | Found Nischig's Gadget Emporium.
 10433 | D:10     | Reached skill level 5 in Shields
 10597 | D:11     | Noticed a green ugly thing
 10606 | D:11     | Killed a green ugly thing
 10642 | D:11     | Noticed a cyan ugly thing
 10680 | D:11     | Killed a cyan ugly thing
 10680 | D:11     | Reached skill level 5 in Invocations
 10948 | D:11     | Noticed a hill giant
 10988 | Lair:1   | Entered Level 1 of the Lair of Beasts
 11033 | Lair:1   | Noticed a black mamba
 11036 | Lair:1   | Killed a black mamba
 11036 | Lair:1   | Reached XP level 11. HP: 58/58 MP: 12/16
 11088 | Lair:1   | Reached skill level 1 in Evocations
 11101 | Lair:1   | Noticed a five-headed hydra
 11107 | Lair:1   | Noticed a four-headed hydra
 11109 | Lair:1   | Killed a five-headed hydra
 11115 | Lair:1   | Killed a four-headed hydra
 11672 | Lair:1   | Reached skill level 11 in Stealth
 12050 | Lair:2   | Reached ***** piety under Uskayaw
 12089 | Lair:2   | Found a staircase to the Snake Pit.
 12198 | Lair:2   | Noticed a death yak
 12198 | Lair:2   | Noticed a death yak
 12198 | Lair:2   | Noticed a death yak
 12198 | Lair:2   | Noticed a death yak
 12200 | Lair:2   | Noticed a death yak
 12240 | Lair:2   | HP: 2/58 [death yak (20)]
 12271 | Lair:2   | Killed a death yak
 12421 | Lair:2   | Noticed Nergalle
 12431 | Lair:2   | Found a staircase to the Shoals.
 12675 | Lair:2   | Upgraded the game from 0.19-a0-1365-gb34f4cb to 0.19-a0-1401-g902f63d
 12704 | Lair:2   | Killed Nergalle
 12704 | Lair:2   | Reached skill level 5 in Evocations
 12704 | Lair:2   | Reached XP level 12. HP: 59/64 MP: 15/18
 12852 | Lair:2   | Killed a death yak
 12879 | Lair:2   | Killed a death yak
 12880 | Lair:2   | Killed a death yak
 12880 | Lair:2   | Reached skill level 12 in Stealth
 12882 | Lair:2   | Killed a death yak
 13144 | Lair:3   | Noticed Gastronok
 13189 | Lair:3   | Killed Gastronok
 13768 | Lair:4   | Reached skill level 10 in Dodging
 13806 | Lair:4   | Noticed an eight-headed hydra
 13848 | Lair:4   | Killed an eight-headed hydra
 14690 | Lair:5   | Upgraded the game from 0.19-a0-1401-g902f63d to 0.19-a0-1457-g32fba05
 14893 | Lair:5   | Reached XP level 13. HP: 54/69 MP: 13/19
 15734 | Lair:6   | Entered Level 6 of the Lair of Beasts
 15978 | Lair:6   | Found a staircase to the Slime Pits.
 17342 | Lair:6   | Found a burning altar of Makhleb.
 17422 | Lair:6   | Upgraded the game from 0.19-a0-1457-g32fba05 to 0.19-a0-1468-ge013c26
 18068 | D:11     | Reached XP level 14. HP: 74/76 MP: 19/22
 18199 | D:11     | Noticed George's ghost (journeyman MiFi)
 18265 | D:11     | Killed George's ghost
 18334 | D:11     | Found a staircase to the Orcish Mines.
 18657 | D:12     | Reached skill level 10 in Fighting
 18753 | D:12     | Found a deep blue altar of Sif Muna.
 18768 | D:12     | Identified Sif Muna's Collected Works on Conjuration
 18775 | D:12     | Learned a level 1 spell: Magic Dart
 19011 | D:12     | Learned a level 1 spell: Apportation
 19014 | D:12     | Learned a level 2 spell: Blink
 19017 | D:12     | Learned a level 2 spell: Shroud of Golubria
 19087 | D:12     | Reached skill level 10 in Invocations
 19290 | Orc:1    | Entered Level 1 of the Orcish Mines
 19462 | Orc:1    | Noticed Fannar
 19520 | Orc:1    | Killed Fannar
 19520 | Orc:1    | Reached skill level 13 in Stealth
 19726 | Orc:1    | Noticed an orc warlord
 20229 | Orc:1    | Killed an orc warlord
 20270 | Orc:1    | Upgraded the game from 0.19-a0-1468-ge013c26 to 0.19-a0-1490-g5dd3618
 20317 | Orc:2    | Entered Level 2 of the Orcish Mines
 20627 | Orc:2    | Found a frozen archway.
 20685 | Orc:2    | Reached skill level 14 in Stealth
 20705 | IceCv    | Entered an ice cave
 20970 | IceCv    | Noticed a reaper
 21181 | IceCv    | Killed a reaper
 21476 | Orc:2    | Found a roughly hewn altar of Beogh.
 21523 | Orc:2    | Found a roughly hewn altar of Beogh.
 21692 | Orc:2    | Found a staircase to the Elven Halls.
 21946 | Orc:2    | Noticed Saint Roka
 21964 | Orc:2    | Reached ****** piety under Uskayaw
 21969 | Orc:2    | Killed Saint Roka
 21969 | Orc:2    | Reached skill level 1 in Armour
 21978 | Orc:2    | Found a roughly hewn altar of Beogh.
 21978 | Orc:2    | Found Viqawneh's Antique Weapon Boutique.
 21984 | Orc:2    | Found Juehipse's Antique Armour Shop.
 22104 | Orc:2    | Found a roughly hewn altar of Beogh.
 22106 | Orc:2    | Found Xoixkagg's Food Shop.
 22239 | Orc:2    | Found a roughly hewn altar of Beogh.
 22323 | Orc:2    | Found a roughly hewn altar of Beogh.
 22328 | Orc:2    | Found Plog's Antique Armour Shoppe.
 22363 | Orc:2    | Reached skill level 15 in Stealth
 22388 | Orc:2    | Bought an embroidered hat for 108 gold pieces
 22680 | D:4      | Bought a transparent ice dragon armour for 1595 gold pieces
 22680 | D:4      | Bought a glowing robe for 20 gold pieces
 22702 | D:4      | Identified the +1 ice dragon armour of Defiance {rElec rF- rC++} (You bought it in a shop on level 4 of the Dungeon)
 23300 | Lair:6   | Found a gateway to Hell.
 23535 | Snake:1  | Entered Level 1 of the Snake Pit
 23536 | Snake:1  | Noticed PeterLawrence's ghost (adept MiFi)
 23602 | Shoals:1 | Entered Level 1 of the Shoals
 23636 | Lair:2   | Reached skill level 15 in Dodging
 23684 | Shoals:1 | Noticed Roxanne
 23798 | Shoals:1 | Reached XP level 15. HP: 49/80 MP: 11/23
 23808 | Shoals:1 | Noticed a kraken
 24013 | D:13     | Noticed Shenda's ghost (journeyman MfGl)
 24109 | D:13     | Killed Shenda's ghost
 25470 | D:14     | Found a gate to the Vaults.
 25472 | D:14     | Reached skill level 16 in Stealth
 25632 | D:14     | Noticed a bone dragon
 25879 | D:14     | Noticed Agnes
 25954 | D:14     | Killed Agnes
 26192 | D:14     | Got a twitching iron ring
 26393 | D:15     | Entered Level 15 of the Dungeon
 26498 | D:15     | Noticed rlgrobin's ghost (journeyman DrAr)
 26540 | D:15     | Killed rlgrobin's ghost
 26680 | D:15     | Identified the ring "Pium" {rCorr Int+2 Dex+3 Slay-6} (You found it on level 14 of the Dungeon)
 26748 | D:15     | Reached skill level 17 in Stealth
 26805 | D:15     | Found a staircase to the Depths.
 26840 | D:15     | Reached skill level 5 in Armour
 27379 | D:15     | Reached XP level 16. HP: 86/86 MP: 21/24
 27940 | Shoals:1 | Noticed Donald
 27944 | Shoals:1 | Reached skill level 18 in Stealth
 28106 | Shoals:1 | Killed Donald
 28323 | Depths:1 | Entered Level 1 of the Depths
 29194 | Depths:1 | Noticed a shadow dragon
 29238 | D:15     | Upgraded the game from 0.19-a0-1490-g5dd3618 to 0.19-a0-1493-gd0fcaa6
 29435 | Snake:1  | Killed PeterLawrence's ghost
 29437 | Snake:1  | Reached skill level 19 in Stealth
 29508 | Snake:1  | Found Koasa's Armour Shop.
 29534 | Snake:1  | Noticed Aizul
 29541 | Snake:1  | Killed Aizul
 29912 | Snake:1  | Noticed Louise
 29979 | Snake:1  | Killed Louise
 30144 | Snake:2  | Noticed Asterion
 30151 | Snake:2  | Killed Asterion
 30791 | Snake:3  | Noticed Vashnia
 30844 | Snake:3  | Reached XP level 17. HP: 52/93 MP: 13/25
 30944 | Snake:3  | Reached skill level 20 in Stealth
 30970 | Snake:3  | Found Dedani's Gadget Emporium.
 30971 | Snake:3  | Found Jagiog's Jewellery Boutique.
 30972 | Snake:3  | Found Vydiupt's Gadget Emporium.
 30985 | Snake:3  | Upgraded the game from 0.19-a0-1493-gd0fcaa6 to 0.19-a0-1498-g0b85ae9
 30985 | Snake:3  | Bought a fan of gales for 520 gold pieces
 31008 | Snake:3  | Noticed Rayvis's ghost (adept MiFi)
 31216 | Snake:4  | Entered Level 4 of the Snake Pit
 31667 | Shoals:1 | Gained mutation: You evolve. [potion of beneficial mutation]
 32526 | Shoals:3 | Found Lirhinlutz's Antique Armour Boutique.
 32561 | Shoals:3 | Gained mutation: You are agile. (Dex +2) [potion of beneficial mutation]
 32562 | Shoals:3 | Gained mutation: Your spells are a little harder to cast, but a little more powerful. [potion of beneficial mutation]
 32684 | Shoals:3 | Found Uzusim's Armour Boutique.
 32912 | Shoals:4 | Entered Level 4 of the Shoals
 33044 | Shoals:4 | Noticed a kraken
 33239 | Shoals:4 | Noticed Ilsuiw
 33244 | Shoals:4 | Reached skill level 21 in Stealth
 33265 | Shoals:4 | Killed Ilsuiw
 33553 | Shoals:1 | Killed a kraken
 34177 | Depths:1 | Reached XP level 18. HP: 64/99 MP: 14/26
 34247 | Depths:1 | Reached skill level 10 in Evocations
 35126 | Depths:2 | Reached skill level 22 in Stealth
 35298 | Depths:2 | Found Reluc's Distillery.
 35353 | Depths:2 | Found a gateway to a ziggurat.
 35371 | Depths:2 | Bought a potion of heal wounds for 65 gold pieces
 35371 | Depths:2 | Bought a potion of curing for 39 gold pieces
 35371 | Depths:2 | Bought a potion of might for 52 gold pieces
 35371 | Depths:2 | Bought a potion of flight for 39 gold pieces
 35371 | Depths:2 | Bought a potion of flight for 39 gold pieces
 35410 | Depths:2 | Found a one-way gate to the infinite horrors of the Abyss.
 35727 | Depths:2 | Reached skill level 1 in Translocations
 35755 | Depths:2 | Found a portal to a secret trove of treasure.
 36266 | Depths:3 | Reached skill level 5 in Translocations
 36466 | Depths:3 | Learned a level 2 spell: Ensorcelled Hibernation
 36537 | Depths:3 | Noticed a lich
 36551 | Depths:3 | Killed a lich
 36551 | Depths:3 | Reached skill level 1 in Spellcasting
 36551 | Depths:3 | Reached XP level 19. HP: 105/105 MP: 28/28
 36563 | Depths:3 | Reached skill level 1 in Hexes
 36654 | Depths:3 | Reached skill level 1 in Ice Magic
 36656 | Depths:3 | Reached skill level 23 in Stealth
 37207 | Depths:3 | Found a runed door.
 37247 | Depths:3 | Noticed a lich
 37293 | Depths:3 | Noticed a golden dragon
 37330 | Depths:3 | Paralysed by a giant eyeball for 4 turns
 37402 | Depths:3 | Killed a golden dragon
 37929 | Depths:3 | Reached skill level 10 in Translocations
 37952 | Depths:3 | Killed a lich
 37957 | Depths:3 | Reached skill level 5 in Hexes
 37992 | Depths:3 | Reached skill level 5 in Spellcasting
 38123 | Depths:3 | Noticed a juggernaut
 38279 | Depths:2 | Upgraded the game from 0.19-a0-1498-g0b85ae9 to 0.19-a0-1608-g4cf22de
 38788 | Shoals:2 | Noticed Polyphemus
 38831 | Shoals:2 | Killed Polyphemus
 39238 | Shoals:4 | Reached XP level 20. HP: 109/109 MP: 18/29
 39757 | Shoals:4 | Got a barnacled rune of Zot
 40255 | Snake:3  | Reached skill level 1 in Throwing
 40282 | Snake:3  | Reached skill level 24 in Stealth
 40479 | Snake:3  | Killed Vashnia
 40483 | Snake:3  | Reached skill level 5 in Ice Magic
 40993 | Snake:3  | Killed Rayvis's ghost
 41024 | Snake:3  | Bought a sack of spiders for 260 gold pieces
 41024 | Snake:3  | Bought a box of beasts for 260 gold pieces
 42243 | Snake:4  | Got a serpentine rune of Zot
 42292 | Snake:4  | Reached skill level 5 in Throwing
 42501 | Snake:4  | Found a glowing silver altar of Zin.
 42895 | Vaults:1 | Entered Level 1 of the Vaults
 42895 | Vaults:1 | Found a ruined gateway.
 42920 | Desolati | Entered the Desolation of Salt
 43119 | Desolati | Reached XP level 21. HP: 89/115 MP: 18/32
 43141 | Desolati | Identified the Volume of the Rocks and Contamination
 43192 | Desolati | Got a clouded granite ring
 43193 | Desolati | Identified the ring "Adi Nion" {MP+9 Str+4 Int+3} (You found it in the Desolation of Salt)
 43201 | Desolati | Got a scintillating glass ring
 43202 | Desolati | Identified the ring "Gapeyhu" {rC+ Dex+3 Slay+2} (You found it in the Desolation of Salt)
 43262 | Desolati | Identified Ice Vijo's Almanac of the Ensnaring Mountains
 43271 | Desolati | Learned a level 6 spell: Iron Shot
 43280 | Desolati | Identified a +7 rod of ignition (13/13) (You found it in the Desolation of Salt)
 43291 | Desolati | Learned a level 6 spell: Statue Form
 43300 | Desolati | Got a slimy falchion
 43301 | Desolati | Identified the +11 falchion of Akkopn {slice, +Blink rElec rF+ Stlth+} (You found it in the Desolation of Salt)
 43597 | Desolati | Reached skill level 1 in Long Blades
 43611 | Desolati | Gained mutation: You have a pair of small horns on your head. [evolution]
 43613 | Desolati | Got a coiled ivory ring
 43614 | Desolati | Identified the cursed ring of Otwem {rN+ Int-3 Dex+3} (You found it in the Desolation of Salt)
 43617 | Desolati | Identified the Grimoire of Arcane Weapons
 43724 | Desolati | Slain by a saltling

Vault maps used:
D:1:      ncdulo_watergridlock
D:2:      cheibriados_altar_1, nicolae_ru_path_of_blood, glass_columns_a,
          roderic_bali_sauvastika, uniq_iyjb
D:3:      minmay_door_path, nicolae_tso_carved_into_rock,
          overflow_temple_1_default, lemuel_doored_altar,
          yredelemnul_altar_generic, overflow_temple_1_default
D:4:      old_standard_altar, first_bread, serial_shops, shop, shop_fountains,
          grunt_gozag_statues
D:6:      black_bear_nest_1, gup_ossuary_entry_pyramid, tgw_fedhas
D:7:      nicolae_dithmenos_the_darkroom, uniq_duvessa
D:8:      kennysheep_mini_moat
D:10:     lair_0_dummy, serial_shops, shop, hangedman_stone_soup, uniq_grum
D:11:     zombieorc1_lemuel
D:12:     hangedman_decor_clover_reticule, led_sif_book
D:13:     hangedman_screamer
D:14:     erik_vaults_1, minmay_misc_feat_rows,
          minmay_guarded_unrand_zonguldrok, uniq_agnes
D:15:     hangedman_depths_entry_civil_slaughter, fountainhead, st_stairs_2,
          minivault_27, moated_statue
Temple:   eino_temple_lava
Lair:1:   infiniplex_staircase_pool_2
Lair:2:   minmay_shoals_entry_lonely_mermaid, dummy_snake_entry, uniq_nergalle
Lair:3:   uniq_gastronok
Lair:4:   bh_autumn_forest_stairs
Lair:5:   infiniplex_staircase_pool
Lair:6:   evil_forest, nicolae_slime_entry_slimehenge
Shoals:1: st_cyclops, uniq_donald, uniq_roxanne
Shoals:2: nicolae_shoals_island_circles, nicolae_shoals_water_shrine,
          uniq_polyphemus
Shoals:3: serial_shops, nicolae_shop_behind_doors, nicolae_shop_statue_plus,
          nicolae_shoals_square_sea_wall
Shoals:4: shoals_end_hangedman, shoal_ilsuiw, nicolae_shoals_seven_spires
Snake:1:  serial_shops, shop, uniq_aizul, uniq_louise
Snake:2:  uniq_asterion
Snake:3:  minmay_shop_grove, uniq_vashnia
Snake:4:  snake_hunt, basic_altar, grunt_ministairs_6, spider_trap
Orc:1:    nicolae_orc_pool_cavern, elf_legates, uniq_fannar
Orc:2:    grunt_orc_community_town_hall, grunt_orc_community_big_house_2,
          grunt_orc_community_big_house_1, grunt_orc_community_house_2,
          grunt_orc_community_house_2, grunt_orc_community_house_1,
          grunt_orc_community_house_3, portal_ice_cave_entry_animals_and_master,
          nicolae_orc_rockfall
Vaults:1: vaults_room_boxed, nicolae_vaults_angled_halls,
          dpeg_vaults_monster_row, serial_ice_m, ontoclasm_vaults_bender,
          nicolae_vaults_asterisk, ontoclasm_vaults_idyll,
          nicolae_vaults_shelves_hall, hangedman_vaults_snaps, v_misc_2,
          vaults_room_pool, nicolae_vaults_network_square,
          nicolae_vaults_mini_display_case, ontoclasm_vaults_idyll,
          nicolae_vaults_little_squares_6, ontoclasm_vaults_ligature,
          nicolae_vaults_angled_halls, portal_desolation_entry_salt
Depths:1: minmay_expanding_squares, hell_entry, hangedman_decor_peaks_small,
          kennysheep_cross_bottleneck, minmay_three_doors, serial_bayou_shore_b
Depths:2: pf_snail_temple, enter_ziggurat_d, pf_hell_entry_tar_river,
          serial_shops, shop, abyss_entry, kennysheep_path_1, enter_trove_3
Depths:3: box_level_dp, pan_entry, serial_shops, hell_entry
Ossuary:  ossuary_tomb_2
IceCv:    ice_cave_small_demon

Skill      XL: |  1  2  3  4  5  6  7  8  9 10 11 12 13 14 15 16 17 18 19 20 21 |
---------------+----------------------------------------------------------------+-----
Short Blades   | 3 4 5 7 8 10 11 12 13 14 | 14.3
Stealth        | 1 3 4 6 7 9 10 11 12 15 17 19 21 22 23 24 | 24.5
Fighting       | 3 4 6 7 8 9 10 11 12 13 14 | 14.1
Dodging        | 5 7 8 10 12 15 17 18 20 21 22 | 22.0
Shields        | 3 6 7 |  7.5
Invocations    | 2 5 6 7 9 10 | 10.3
Evocations     | 5 7 9 10 12 | 12.2
Armour         | 2 5 |  5.0
Translocations | 6 11 | 11.5
Spellcasting   | 1 5 6 |  6.7
Hexes          | 6 8 |  8.4
Ice Magic      | 4 5 |  5.5
Throwing       | 5 6 |  6.1
Long Blades    | 1 |  1.2

Action                   |  1- 3 |  4- 6 |  7- 9 | 10-12 | 13-15 | 16-18 | 19-21 || total
-------------------------+-------+-------+-------+-------+-------+-------+-------++-------
Melee: Rapier            |    99 |   203 |   412 |   192 |   310 |     9 |       ||  1225
       Dagger            |       |       |   170 |   772 |  2257 |    82 |       ||  3281
       Short sword       |       |       |       |       |   811 |  1933 |  1736 ||  4480
       Falchion          |       |       |       |       |       |       |    32 ||    32
       Headbutt          |       |       |       |       |       |       |    11 ||    11
 Fire: Blowgun           |       |       |       |       |    10 |       |       ||    10
Throw: Stone             |     3 |     7 |       |     9 |     4 |       |       ||    23
       Tomahawk          |       |       |       |       |       |       |    11 ||    11
 Cast: Ensorcelled Hiber |       |       |       |       |       |       |    55 ||    55
       Magic Dart        |       |       |       |       |       |       |    11 ||    11
       Shroud of Golubri |       |       |       |       |       |       |     1 ||     1
Invok: Stomp             |       |       |       |     3 |       |       |       ||     3
       Grand Finale      |       |       |       |       |     1 |     1 |     2 ||     4
Evoke: Wand              |       |       |    10 |    15 |    27 |     7 |     4 ||    63
       Box of beasts     |       |       |       |     2 |       |       |     1 ||     3
       Phial of floods   |       |       |       |     1 |     1 |     1 |       ||     3
       Lamp of fire      |       |       |       |       |     4 |     2 |     2 ||     8
       Sack of spiders   |       |       |       |       |       |     1 |     3 ||     4
  Use: Potion            |     3 |       |       |       |     7 |     9 |     3 ||    22
       Scroll            |       |     9 |    11 |     4 |     9 |    21 |    11 ||    65
 Stab: Sleeping          |       |    15 |    30 |    42 |   103 |    47 |    52 ||   289
       Paralysed         |       |       |     4 |    34 |    71 |   100 |    96 ||   305
       Distracted        |       |       |     2 |     1 |    20 |    14 |    13 ||    50
       Confused          |       |       |       |     2 |     2 |     2 |       ||     6
       Invisible         |       |       |       |       |    13 |       |       ||    13
       Petrified         |       |       |       |       |       |       |     1 ||     1
  Eat: Bread ration      |       |     1 |       |     1 |     1 |     2 |     1 ||     6
       Royal jelly       |       |       |     2 |     1 |     1 |       |     1 ||     5
       Fruit             |       |       |     1 |     1 |     6 |     3 |     3 ||    14
       Pizza             |       |       |     1 |     1 |     2 |       |     1 ||     5
Armor: Robe              |     7 |    16 |    32 |    56 |    44 |       |       ||   155
       Skin              |     2 |       |       |       |       |       |       ||     2
       Troll leather arm |       |       |       |       |    77 |   102 |   105 ||   284
Dodge: Dodged            |    59 |   115 |   254 |   393 |  1571 |  1053 |  1096 ||  4541
Block: Buckler           |    22 |    59 |   113 |   225 |   767 |   483 |   516 ||  2185
